 Dungeon Crawl Stone Soup version 0.23.2-1-ga50397a (webtiles) character file.

Game seed: 13819971120085144724

96 Gazerockf the Firebug (level 4, -17/24 HPs)
             Began as a Deep Elf Fire Elementalist on May 28, 2019.
             Was an Initiate of Vehumet.
             Engulfed by a cloud of flame (19 damage)
             ... on level 3 of the Dungeon.
             The game lasted 00:07:22 (2155 turns).

Gazerockf the Firebug (Deep Elf Fire Elementalist)  Turns: 2155, Time: 00:07:22

Health: -17/24     AC:  2    Str:  5    XL:     4   Next: 41%
Magic:  6/12       EV: 13    Int: 21    God:    Vehumet [......]
Gold:   156        SH:  0    Dex: 15    Spells: 7/11 levels left

rFire    . . .     SeeInvis .   (no weapon)
rCold    . . .     Gourm    .   (no shield)
rNeg     . . .     Faith    .   a - +0 robe
rPois    .         Spirit   .   (no helmet)
rElec    .         Reflect  .   (no cloak)
rCorr    .         Harm     .   (no gloves)
MR       .....                  (no boots)
Stlth    ++........             (no amulet)
HPRegen  0.08/turn              (no ring)
MPRegen  0.13/turn              (no ring)

@: no status effects
A: no striking features
a: Renounce Religion


You were on level 3 of the Dungeon.
You worshipped Vehumet.
Vehumet was noncommittal.
You were not hungry.

You visited 1 branch of the dungeon, and saw 3 of its levels.

You collected 156 gold pieces.

Inventory:

Armour
 a - a +0 robe (worn)
Wands
 i - a wand of flame (17)
Scrolls
 e - 2 scrolls of remove curse
 h - a scroll of blinking {unknown}
 k - a scroll of magic mapping {unknown}
 m - a scroll of fear {unknown}
 n - 3 scrolls of identify {unknown}
 o - a scroll of enchant weapon {unknown}
Potions
 b - 3 potions of lignification {unknown}
 d - a potion of ambrosia {unknown}
 f - 2 potions of haste {unknown}
 g - a potion of agility {unknown}
 j - a potion of curing {unknown}
 l - a potion of heal wounds {unknown}
 q - a potion of berserk rage {unknown}
 r - 2 potions of flight {unknown}
Comestibles
 c - 5 rations
 p - 7 chunks of flesh


   Skills:
 + Level 3.1 Dodging
 - Level 2.4 Stealth
 - Level 0.6 Unarmed Combat
 + Level 4.1 Spellcasting
 + Level 1.2 Conjurations
 + Level 4.6 Fire Magic


You had 7 spell levels left.
You knew the following spells:

 Your Spells              Type           Power        Failure   Level  Hunger
a - Flame Tongue          Conj/Fire      ###..        3%          1    None
b - Inner Flame           Hex/Fire       ##......     14%         3    ###....

Your spell library contained the following spells:

 Spells                   Type           Power        Failure   Level  Hunger
 Throw Flame              Conj/Fire      ###...       5%          2    #......
 Conjure Flame            Conj/Fire      ###.....     11%         3    ###....
 Sticky Flame             Conj/Fire      ###.....     34%         4    ####...
 Fireball                 Conj/Fire      ###.......   69%         5    ######.


Dungeon Overview and Level Annotations

Branches:
Dungeon (3/15)

Altars:
Dithmenos
Sif Muna
Trog
Vehumet


Message History

Aiming: Inner Flame (safe; 14% risk of failure)
Press: ? - help, Shift-Dir - straight line, f - rat
Aim: a rat (moderately wounded, chance to defeat MR: 82%)
The rat is filled with an inner flame.
The rat closely misses you.
Casting: Inner Flame (safe; 14% risk of failure)
Confirm with . or Enter, or press ? or * to list all spells.
Aiming: Flame Tongue (safe; 3% risk of failure)
Press: ? - help, Shift-Dir - straight line, f - rat, p - rat
Aim: a rat (moderately wounded, berserk, fast, unusually strong, inner flame)
The flame tongue hits the rat!
The rat explodes!
The fiery explosion engulfs you!
Ouch! That really hurt!
* * * LOW HITPOINT WARNING * * *
The fiery explosion engulfs the rat!!
You kill the rat!
Vehumet accepts your kill. x2
You are engulfed in blazing flames.
Ouch! That really hurt!
You die...

#.# #...###...##.###.##### .#)#
##### ###.######...... .#.#
#######....... .#.#
##....###..#### #.#.########
##.......##.# #.#........#
#.......).###
#.########.#######....#..r)#
.#.## #......##§..###..). ÷...#
#.####.@§§..#y#r_.. ...#.# #.#
####.w.###....##### ....# #.#
#....#....##.... .#.## #.#
#.........###### #.## #.#
##......)## ### #.# ##....### #
#.# ###############
####.####.÷...........####
#######.........#####.#....#....


You could see a moth of wrath and a worm.

Vanquished Creatures
  An adder (D:1)
  2 oozes
  3 worms
  2 dart slugs (D:1)
  6 leopard geckos
  5 orcs (D:3)
  3 bats
  3 giant cockroaches
  4 goblins
  5 hobgoblins
  3 jackals (D:2)
  A ball python (D:2)
  3 frilled lizards
  5 kobolds
  6 rats
52 creatures vanquished.

Notes
Turn   | Place    | Note
-------+----------+-------------------------------------------
     0 | D:1      | Gazerockf the Deep Elf Fire Elementalist began the quest
                  | for the Orb.
     0 | D:1      | Reached XP level 1. HP: 10/10 MP: 6/6
   148 | D:1      | Reached XP level 2. HP: 9/15 MP: 0/8
   879 | D:2      | Reached XP level 3. HP: 19/19 MP: 3/10
  1354 | D:2      | Found a deep blue altar of Sif Muna.
  1679 | D:3      | Found a shadowy altar of Dithmenos.
  1746 | D:3      | Reached XP level 4. HP: 24/24 MP: 6/11
  1787 | D:3      | Found a faded altar of an unknown god.
  1938 | D:3      | Found a radiant altar of Vehumet.
  1944 | D:3      | Became a worshipper of Vehumet
  2123 | D:3      | Learned a level 3 spell: Inner Flame
  2138 | D:3      | Noticed a moth of wrath
  2140 | D:3      | Found a bloodstained altar of Trog.
  2155 | D:3      | Engulfed by a cloud of flame

Skill      XL: |  1  2  3  4 |
---------------+-------------+-----
Fire Magic     | 4 |  4.6
Dodging        | 3 |  3.1
Spellcasting   | 4 |  4.1
Stealth        | |  2.4
Unarmed Combat | |  0.6
Conjurations   | |  1.2

Action                   |  1- 3 |  4- 6 || total
-------------------------+-------+-------++-------
Melee: Unarmed           |    19 |     4 ||    23
 Cast: Flame Tongue      |    63 |    25 ||    88
       Inner Flame       |       |     1 ||     1
  Use: Scroll            |     1 |       ||     1
  Eat: Chunk             |     2 |     2 ||     4
Armor: Robe              |     7 |       ||     7
Dodge: Dodged            |    40 |    12 ||    52
